 Dungeon Crawl Stone Soup version 0.32-a0-42-ga30500b4d3 (webtiles) character file.

Game seed: 9514204848380114132

2533 Ceno the Cleaver (level 9, 0/73 HPs)
             Began as a Formicid Fighter on Feb 2, 2024.
             Was a Believer of Makhleb.
             Slain by a hornet (4 damage)
             ... on level 7 of the Dungeon.
             The game lasted 00:29:07 (7182 turns).

Ceno the Cleaver (Formicid Fighter)                 Turns: 7182, Time: 00:29:08

Health: 0/73       AC: 17    Str: 26    XL:     9   Next: 84%
Magic:  9/9        EV:  7    Int:  7    God:    Makhleb [**....]
Gold:   620        SH:  5    Dex: 13    Spells: 8/8 levels left

rFire   . . .        H - +4 battleaxe (vamp)
rCold   . . .        c - +0 buckler
rNeg    . . .        z - +0 plate armour
rPois   .            (helmet unavailable)
rElec   .            j - +0 cloak
rCorr   .            q - +0 pair of gloves
SInv    +            f - +0 pair of boots
Will    .....        (no amulet) Stlth
                     (no ring)
HPRegen 0.32/turn    (no ring)
MPRegen 0.11/turn

%: no passive effects
@: no status effects
A: permanent stasis, dig shafts and tunnels, antennae 3, four strong arms
a: Dig, Shaft Self, Renounce Religion, Minor Destruction


You were on level 7 of the Dungeon.
You worshipped Makhleb.
Makhleb was pleased with you.
You visited 2 branches of the dungeon, and saw 10 of its levels.
You also visited: Sewer and Ossuary.

You collected 620 gold pieces.

Inventory:

Hand Weapons
 a - a +0 war axe
 H - a +4 vampiric battleaxe (weapon)
Missiles
 e - 82 stones (quivered)
 B - 2 boomerangs
Armour
 b - a +0 scale mail
 c - a +0 buckler (worn)
 f - a +0 pair of boots (worn)
 j - a +0 cloak (worn)
 q - a +0 pair of gloves (worn)
 z - a +0 plate armour (worn)
Jewellery
 r - an amulet of magic regeneration
Wands
 p - a wand of polymorph (8)
 v - a wand of roots (6)
 M - a wand of flame (28)
Scrolls
 d - a scroll of poison
 l - a scroll of blinking
 n - 2 scrolls of enchant armour {unknown}
 s - 2 scrolls of torment {unknown}
 t - a scroll of summoning {unknown}
 w - a scroll of enchant weapon {unknown}
 x - a scroll of identify
 y - 2 scrolls of revelation
 C - a scroll of noise {unknown}
 D - a scroll of immolation {unknown}
 F - a scroll of amnesia {unknown}
 J - a scroll of fog {unknown}
 K - a scroll of brand weapon
Potions
 g - 2 potions of degeneration
 h - 3 potions of haste
 i - 2 potions of cancellation
 k - a potion of brilliance
 m - 2 potions of invisibility {unknown}
 o - 2 potions of curing {unknown}
 u - 2 potions of lignification {unknown}
 E - 2 potions of mutation {unknown}
 G - 2 potions of ambrosia {unknown}
 I - a potion of magic {unknown}
 L - a potion of enlightenment {unknown}


   Skills:
 + Level 7.6 Fighting
 * Level 9.3 Axes
 + Level 7.1 Armour
 - Level 5.0 Shields


You had 8 spell levels left.
You didn't know any spells.
Your spell library contained the following spells:

 Spells                   Type           Power      Damage    Failure   Level
 Slow                     Hex            0%         N/A       99%         1
 Lesser Beckoning         Tloc           0%         N/A       100%        2
 Momentum Strike          Conj/Tloc      0%         3d8       100%        2
 Confusing Touch          Hex            0%         N/A       100%        3
 Dazzling Flash           Conj/Hex       0%         N/A       100%        3
 Mephitic Cloud           Conj/Alch/Air  0%         N/A       100%        3
 Sigil of Binding         Hex            0%         N/A       100%        3
 Vampiric Draining        Necr           0%         2d6       100%        3
 Leda's Liquefaction      Alch/Erth      0%         N/A       100%        4
 Curse of Agony           Necr           0%         N/A       100%        5
 Lee's Rapid Deconstruct  Erth           0%         3d4*      100%        5
 Silence                  Hex/Air        0%         N/A       100%        5
 Bombard                  Conj/Erth      0%         9d1       100%        6
 Blink                    Tloc           Unusable   N/A       N/A         2

Dungeon Overview and Level Annotations

Branches:
Dungeon (9/15)             Temple (1/1) D:5           Sewer (visited)
Ossuary (visited)
   Lair: D:8-11         Orc: D:9-12

Altars:
Ashenzari
Cheibriados
Dithmenos
Gozag
Hepliaklqana
Kikubaaqudgha
Makhleb
Nemelex Xobeh
Okawaru
Qazlal
Ru
Sif Muna
Trog
Uskayaw
Vehumet
Xom
Yredelemnul
The Shining One

Shops:
D:7 *

Annotations:
D:7 Jeremiah
D:8 Amaemon


Innate Abilities, Weirdness & Mutations

You cannot be hasted, slowed, berserked, paralysed or teleported.
You can dig through walls and to a lower floor.
You have a pair of large antennae on your head. (SInv)
Your four strong arms can wield two-handed weapons with a shield.


Message History

You slash the spriggan!
The spriggan is severely wounded.
You hit the hornet but do no damage.
The hornet stings you but does no damage.
The hornet barely misses you. The spriggan hits you.
* * * LOW HITPOINT WARNING * * *
You slice the spriggan!!
You feel better.
You kill the spriggan!
Makhleb accepts your kill.
You feel better.
You miss the hornet.
The hornet stings you but does no damage.
The hornet stings you.
* * * LOW HITPOINT WARNING * * *
Your stasis prevents you from being slowed.
You hit the hornet.
The hornet is almost dead.
The hornet stings you!
* * * LOW HITPOINT WARNING * * *
Your stasis prevents you from being slowed.
The hornet closely misses you.
You closely miss the hornet.
The hornet is almost dead.
The hornet closely misses you.
You barely miss the hornet.
The hornet is almost dead.
You block the hornet's attack.
The hornet stings you but does no damage.
You barely miss the hornet.
The hornet is almost dead.
The hornet stings you but does no damage.
The hornet completely misses you.
You miss the hornet.
The hornet is almost dead.
The hornet stings you but does no damage.
The hornet completely misses you.
You hit the hornet but do no damage.
The hornet is almost dead.
The hornet stings you but does no damage.
The hornet stings you.
You die...

****,**,_,**,,,,**
####.....###**,,,,***
###...........,,,,,**
#.................**
#................#*
*#...............#####
***
#...8............####
*,**
#................####
*,,*
*#..<@............###
*,,**
#..y.............###
*,,,*
##.∩......<......###
**,,,**
##..........†..####
*,,,,,*
#8........<†.#####
**,,,,**
#.....>.....######
**,,,,*
###........#######
**,,,***
#(.......#######
***,,,**##....##..######


You could see a hornet.

Vanquished Creatures
  Maggie (D:9)
  A spriggan (shapeshifter) (D:7)
  A sky beast (D:6)
  2 ogres
  A centaur (D:6)
  A weeping skull (Ossuary)
  2 scorpions (D:5)
  2 brain worms (Sewer)
  2 bullfrogs
  A burial acolyte (Ossuary)
  3 wights (D:6)
  A killer bee (D:7)
  3 howler monkeys (D:7)
  5 hounds
  3 jellies
  3 human zombies (Ossuary)
  2 orc priests
  3 iguanas
  Ijyb (D:5)
  Natasha (thrice) (D:2)
  An orc wizard (D:6)
  A sleepcap (D:5)
  2 hound zombies (Ossuary)
  3 mummies
  7 adders
  5 river rats (Sewer)
  A shadow imp (D:5)
  4 white imps
  3 dart slugs
  A ribbon worm (D:2)
  19 orcs
  6 ball pythons
  A bat (D:1)
  4 endoplasms (D:1)
  9 giant cockroaches
  5 goblins
  6 hobgoblins
  3 jackals (D:3)
  6 kobolds
  7 quokkas
  4 frilled lizards
  15 rats
154 creatures vanquished.

Notes
Turn   | Place    | Note
-------+----------+-------------------------------------------
     0 | D:1      | Ceno the Formicid Fighter began the quest for the Orb.
     0 | D:1      | Reached XP level 1. HP: 18/18 MP: 1/1
   218 | D:1      | Reached XP level 2. HP: 24/24 MP: 2/2
   735 | D:1      | Reached XP level 3. HP: 29/29 MP: 3/3
  1344 | D:2      | Found a broken altar of Ashenzari.
  1489 | D:2      | Reached skill level 3 in Axes
  1604 | D:2      | Found a faded altar of an unknown god.
  1846 | D:3      | Noticed Natasha
  1887 | D:2      | Killed Natasha
  1888 | D:2      | Reached XP level 4. HP: 12/37 MP: 4/4
  1972 | D:2      | Noticed Natasha
  1980 | D:2      | Killed Natasha
  2012 | D:2      | Found a broken altar of Ashenzari.
  2036 | D:2      | Noticed Natasha
  2056 | D:2      | Killed Natasha
  2057 | D:2      | Reached XP level 5. HP: 36/40 MP: 5/5
  2180 | D:3      | Noticed an ogre
  2321 | D:3      | Reached skill level 5 in Shields
  2492 | D:3      | Reached skill level 4 in Axes
  2887 | D:4      | Noticed a bullfrog
  2897 | D:4      | Killed a bullfrog
  2898 | D:4      | Reached XP level 6. HP: 45/49 MP: 6/6
  2950 | D:4      | Found a burning altar of Makhleb.
  2958 | D:4      | Became a worshipper of Makhleb the Destroyer
  3135 | D:4      | Found a bloodstained altar of Trog.
  3477 | D:5      | Entered Level 5 of the Dungeon
  3587 | D:5      | Found a staircase to the Ecumenical Temple.
  3595 | Temple   | Entered the Ecumenical Temple
  3631 | D:5      | Reached skill level 5 in Axes
  3818 | D:5      | Reached XP level 7. HP: 33/55 MP: 7/7
  3826 | D:5      | Reached skill level 5 in Fighting
  4001 | D:5      | Noticed Ijyb
  4012 | D:5      | Killed Ijyb
  4638 | D:6      | Reached skill level 6 in Axes
  4691 | D:6      | Found a glowing drain.
  4708 | D:6      | Reached XP level 8. HP: 63/63 MP: 8/8
  4711 | Sewer    | Entered a sewer
  4747 | Sewer    | Reached * piety under Makhleb
  4854 | Sewer    | Reached skill level 5 in Armour
  5398 | D:6      | Reached skill level 7 in Axes
  5529 | D:6      | Reached ** piety under Makhleb
  5966 | D:6      | Reached XP level 9. HP: 58/70 MP: 9/9
  6310 | D:7      | Reached skill level 8 in Axes
  6333 | D:7      | Found Zaddohur's General Store.
  6346 | D:7      | Noticed Jeremiah
  6422 | D:7      | Found a sand-covered staircase.
  6430 | Ossuary  | Entered an ossuary
  6430 | Ossuary  | Found a huge runed translucent gate.
  6430 | Ossuary  | Found a huge runed translucent gate.
  6430 | Ossuary  | Found a huge runed translucent gate.
  6430 | Ossuary  | Found a huge runed translucent gate.
  6430 | Ossuary  | Found a huge runed translucent gate.
  6430 | Ossuary  | Found a huge runed translucent gate.
  6430 | Ossuary  | Found a huge runed translucent gate.
  6430 | Ossuary  | Found a huge runed translucent gate.
  6430 | Ossuary  | Found a huge runed translucent gate.
  6431 | Ossuary  | Found a huge runed translucent gate.
  6431 | Ossuary  | Found a huge runed translucent gate.
  6432 | Ossuary  | Found a huge runed translucent gate.
  6432 | Ossuary  | Found a huge runed translucent gate.
  6434 | Ossuary  | Found a huge runed translucent gate.
  6434 | Ossuary  | Found a huge runed translucent gate.
  6460 | Ossuary  | Found a huge runed translucent gate.
  6460 | Ossuary  | Found a huge runed translucent gate.
  6460 | Ossuary  | Found a huge runed translucent gate.
  6460 | Ossuary  | Found a huge runed translucent gate.
  6460 | Ossuary  | Found a huge runed translucent gate.
  6461 | Ossuary  | Found a huge runed translucent gate.
  6461 | Ossuary  | Found a huge runed translucent gate.
  6463 | Ossuary  | Found a huge runed translucent gate.
  6463 | Ossuary  | Found a huge runed translucent gate.
  6464 | Ossuary  | Found a huge runed translucent gate.
  6464 | Ossuary  | Found a huge runed translucent gate.
  6465 | Ossuary  | Found a huge runed translucent gate.
  6465 | Ossuary  | Found a huge runed translucent gate.
  6479 | Ossuary  | Found a huge runed translucent gate.
  6479 | Ossuary  | Found a huge runed translucent gate.
  6480 | Ossuary  | Found a huge runed translucent gate.
  6480 | Ossuary  | Found a huge runed translucent gate.
  6480 | Ossuary  | Found a huge runed translucent gate.
  6480 | Ossuary  | Found a huge runed translucent gate.
  6482 | Ossuary  | Found a huge runed translucent gate.
  6589 | D:7      | You fall into a shaft and drop 2 floors!
  6720 | D:9      | Noticed Maggie
  6738 | D:9      | Killed Maggie
  6739 | D:9      | Reached skill level 9 in Axes
  7142 | D:8      | Noticed an orange demon
  7142 | D:8      | Noticed an entropy weaver
  7142 | D:8      | Noticed a hornet
  7142 | D:8      | Noticed Amaemon
  7144 | D:8      | an entropy weaver changed into a spriggan
  7177 | D:7      | HP: 2/73 [hornet (8)]
  7182 | D:7      | Slain by a hornet

Illustrated notes

Levels and vault maps discovered:
D:1:      dpeg_arrival_radiant, layout_basic, minmay_pentomino_q4
D:2:      layout_basic, basic_altar, shapermc_ecumenical_altar_venn
D:3:      layout_rooms, minmay_misc_feat_enclosed,
          chequers_serial_rivers_micro_b, serial_bayou_pond_e,
          grunt_decor_one_mirror, roderic_roman_lattice, uniq_natasha
D:4:      layout_rooms, mainiacjoe_overflow_tiny_flanked,
          general_overflow_altar, hangedman_decor_push
D:5:      layout_basic, temple_fountains, uniq_ijyb
D:6:      layout_rooms, gup_sewer_entry_pipe
D:7:      layout_cave_pods, zin_statuary, serial_shops, shop_statue,
          gup_ossuary_entry_pyramid, uniq_jeremiah
D:8:      layout_rooms, uniq_maurice, uniq_amaemon, uniq_psyche
D:9:      layout_long_grid, serial_shops, shop, special_room [special_room_bee],
          uniq_joseph, uniq_maggie, uniq_erolcha
Temple:   eino_temple_rhombus

Skill      XL: |  1  2  3  4  5  6  7  8  9 |
---------------+----------------------------+-----
Axes           | 3 4 5 6 7 9 |  9.3
Fighting       | 4 5 6 7 |  7.6
Shields        | 5 |  5.0
Armour         | 4 6 7 |  7.1

Action                     |  1- 3 |  4- 6 |  7- 9 || total
---------------------------+-------+-------+-------++-------
  Melee: War axe           |    99 |   124 |   203 ||   426
         Battleaxe         |       |       |    88 ||    88
  Throw: Stone             |       |       |     1 ||     1
Ability: Dig               |       |     1 |     2 ||     3
         Shaft Self        |       |       |     1 ||     1
    Use: Scroll            |     1 |     4 |     6 ||    11
         Potion            |       |     1 |     3 ||     4
 Armour: Scale mail        |    50 |    85 |   165 ||   300
         Skin              |    14 |       |       ||    14
         Plate armour      |       |       |    47 ||    47
  Dodge: Dodged            |    51 |    50 |   109 ||   210
  Block: Buckler           |    24 |    20 |    67 ||   111

Table legend: (Time is in decaauts)
 A = Elapsed time spent in this place.
 B = Non-inter-level travel time spent in this place.
 C = Inter-level travel time spent in this place.
 D = Time resting spent in this place.
 E = Time spent auto-exploring this place.
 F = Levels seen in this place.
 G = Mean time per level.
                   A        B        C        D        E       F      G
               +--------+--------+--------+--------+--------+-----+--------+
         Total |   7380 |   7153 |    227 |   1296 |   2273 |  12 |  615.0 |
       Dungeon |   6793 |   6566 |    227 |   1263 |   2238 |   9 |  754.8 |
        Temple |      1 |      1 |      0 |      0 |      0 |   1 |    1.0 |
         Sewer |    436 |    436 |      0 |     33 |     35 |   1 |  436.0 |
       Ossuary |    149 |    149 |      0 |      0 |      0 |   1 |  149.0 |
               +--------+--------+--------+--------+--------+-----+--------+

Top non-repeatable levels by time:
     D:5: 1456 daAuts
     D:1: 1167 daAuts
     D:6: 1061 daAuts
     D:2: 1009 daAuts
     D:3: 721 daAuts
     D:4: 647 daAuts
   Sewer: 436 daAuts
     D:8: 294 daAuts
     D:9: 263 daAuts
     D:7: 172 daAuts
 Ossuary: 149 daAuts
  Temple: 1 daAuts
